 Dungeon Crawl Stone Soup version 0.28.0 (webtiles) character file.

Game seed: 6526312348526762186

7119 GraveyardiganJr the Martial Artist (level 10, 0/84 HPs)
             Began as a Red Draconian Transmuter on Feb 15, 2022.
             Was a Believer of Wu Jian.
             Slain by a centaur warrior (4 damage)
             ... on level 9 of the Dungeon.
             The game lasted 02:01:19 (11597 turns).

GraveyardiganJr the Martial Artist (DrTm)          Turns: 11597, Time: 02:01:19

Health: 0/84       AC:  7    Str: 19    XL:     10   Next: 85%
Magic:  16/17      EV: 14    Int: 14    God:    Wu Jian [**....]
Gold:   92         SH:  0    Dex: 15    Spells: 7/18 levels left

rFire   + . .      SeeInvis .     - Unarmed
rCold   . . .      Faith    +   (no shield)
rNeg    . . .      Spirit   .   (armour unavailable)
rPois   .          Reflect  .   (helmet currently unavailable)
rElec   .          Harm     .   (no cloak)
rCorr   +          Rampage  .   (no gloves)
Will    .....                   (boots currently unavailable)
Stlth   +++.......              D - amulet of faith
HPRegen 0.24/turn               s - ring of resist corrosion
MPRegen 0.15/turn               H - +6 ring of strength

@: brilliant, appendages, attractive, hasted, very quick
A: horns 2, talons 2, breathe fire, AC +7, unfitting armour, fire resistance 1,
cold-blooded
a: Breathe Fire, End Transformation, Renounce Religion, Wall Jump


You were on level 9 of the Dungeon.
You worshipped Wu Jian.
Wu Jian was pleased with you.
You had temporarily grown beastly horns and talons.
You visited 2 branches of the dungeon, and saw 10 of its levels.
You also visited: Sewer and Bailey.

You collected 402 gold pieces.
You spent 310 gold pieces at shops.

Inventory:

Hand Weapons
 b - a +1 short sword of venom
 f - a +4 flail of protection
 h - a +2 short sword of holy wrath
 u - a +2 dagger of freezing
 w - a +0 hunting sling
Missiles
 c - 323 stones
 i - 2 javelins
 j - 107 arrows
 l - 46 sling bullets
 r - 3 poisoned darts (quivered)
 C - 11 boomerangs
 I - 2 boomerangs of dispersal
 L - 89 bolts
Armour
 d - a +2 hat (melded)
Jewellery
 s - a ring of resist corrosion (left hand)
 D - an amulet of faith (around neck)
 H - a +6 ring of strength (right hand)
Wands
 t - a wand of iceblast (24)
 x - a wand of mindburst (2)
 G - a wand of acid (5)
Scrolls
 a - a scroll of enchant armour
 e - 2 scrolls of teleportation
 g - a scroll of blinking
 m - 2 scrolls of torment
 n - a scroll of amnesia
 o - 5 scrolls of fog
 q - a scroll of noise {unknown}
 y - a scroll of fear {unknown}
 A - a scroll of magic mapping
 B - a scroll of silence
 F - a scroll of enchant weapon {unknown}
 J - a scroll of brand weapon {unknown}
Potions
 k - a potion of cancellation
 p - a potion of curing
 z - 2 potions of mutation


   Skills:
 * Level 6.9 Fighting
 + Level 0.1 Short Blades
 + Level 3.1 Maces & Flails
 + Level 2.2 Throwing
 + Level 5.5 Dodging
 + Level 3.7 Stealth
 * Level 8.5 Unarmed Combat
 * Level 4.9 Spellcasting
 * Level 7.2 Transmutations
 + Level 1.4 Fire Magic
 * Level 1.6 Ice Magic
 + Level 5.0 Poison Magic
 + Level 0.6 Evocations


You had 7 spell levels left.
You knew the following spells:

 Your Spells              Type           Power      Damage    Failure   Level
a - Ice Form              Ice/Tmut       23%        N/A       28%         4
i - Spider Form           Tmut/Pois      30%        N/A       4%          3
w - Wereblood             Tmut           35%        N/A       1%          2
x - Foxfire               Conj/Fire      32%        2x1d5     13%         1
y - Beastly Appendage     Tmut           70%        N/A       1%          1

Your spell library contained the following spells:

 Spells                   Type           Power      Damage    Failure   Level
 Magic Dart               Conj           20%        1d4       19%         1
 Olgreb's Toxic Radiance  Pois           26%        N/A       22%         4
 Blink                    Tloc           10%        N/A       26%         2
 Call Imp                 Summ           5%         N/A       26%         2
 Searing Ray              Conj           10%        2d4       26%         2
 Mephitic Cloud           Conj/Pois/Air  12%        N/A       26%         3
 Conjure Flame            Conj/Fire      8%         6-21      36%         3
 Inner Flame              Hex/Fire       8%         N/A       36%         3
 Flame Wave               Conj/Fire      8%         2d5       78%         4
 Fulminant Prism          Conj/Hex       2%         3d6       87%         4
 Manifold Assault         Tloc           5%         N/A       99%         5
 Ozocubu's Refrigeration  Ice            6%         4d6       100%        7
 Storm Form               Tmut/Air       10%        N/A       100%        7
 Ignition                 Fire           5%         3d4       100%        8


Dungeon Overview and Level Annotations

Branches:
Dungeon (9/15)             Temple (1/1) D:7            Lair (0/6) D:9
  Sewer (visited)          Bailey (visited)
    Orc: D:9-12

Altars:
Ashenzari
Cheibriados
Dithmenos
Elyvilon
Fedhas
Gozag
Hepliaklqana
Kikubaaqudgha
Makhleb
Nemelex Xobeh
Okawaru
Qazlal
Ru
Sif Muna
Trog
Vehumet
Wu Jian
Xom
Yredelemnul
Zin
The Shining One

Shops:
D:3 ?   D:8 **

Annotations:
D:4 exclusion: phantom
D:9 exclusions: cyclops, freezing wraith and wyvern


Innate Abilities, Weirdness & Mutations

You have temporarily grown beastly horns and talons.
You can breathe blasts of fire.
Your fiery red scales are hard. (AC +7)
You cannot fit into any form of body armour.
Your flesh is heat resistant. (rF+)
You are cold-blooded and may be slowed by cold attacks.


Message History

Casting: Spider Form (mildly dangerous; 4% risk of failure)
Confirm with . or Enter, or press ? or * to list all spells.
You grow a pair of large bovine horns.
Your feet morph into talons.
Your +2 hat melds into your body.
The centaur warrior closely misses you.
The centaur warrior kicks you but does no damage.
The centaur warrior hits you with a +0 short sword!
The centaur warrior kicks you.
You closely miss the centaur warrior. Your kick misses the centaur warrior.
The centaur warrior hits you with a +0 short sword!
* * * LOW HITPOINT WARNING * * *
The centaur warrior kicks you but does no damage.
You closely miss the centaur warrior.
You tail-slap the centaur warrior, but do no damage.
The centaur warrior hits you with a +0 short sword.
* * * LOW HITPOINT WARNING * * *
The centaur warrior kicks you but does no damage.
It was a potion of brilliance.
You feel clever all of a sudden.
The centaur warrior hits you but does no damage.
The centaur warrior kicks you but does no damage.
The centaur warrior hits you but does no damage.
The centaur warrior kicks you but does no damage.
You hit the centaur warrior. Your kick misses the centaur warrior.
You punch the centaur warrior.
The centaur warrior is lightly wounded.
The centaur warrior hits you with a +0 short sword.
* * * LOW HITPOINT WARNING * * *
The centaur warrior kicks you but does no damage.
It was a potion of haste.
You feel yourself speed up.
The centaur warrior hits you with a +0 short sword.
* * * LOW HITPOINT WARNING * * *
The centaur warrior kicks you but does no damage.
The centaur warrior hits you with a +0 short sword.
* * * LOW HITPOINT WARNING * * *
The centaur warrior closely misses you.
Okay, then.
It was a potion of attraction.
You feel attractive to monsters.
The centaur warrior hits you with a +0 short sword.
You die...

###.#.#..........#
#.......
.................#
#.......
###.#............#
#.......
###.###..........#
#####'##
......#.#+######.#
#†## ....#.#.# ..###
#.## #####.#.#
###...###########...
....#.#.#
#.c.................
###†#.#.#
#.#@................
..#.#.# #.
#.#....######....###
......♣...
#.#....#)........#
##.P.......#
#.#....#.........#
.........P..
#.#....#.........#
......P.....
#c####.#.........#
.......P.... #.#
#..#.........#
.♣..♣....... ..#
#..............
.......P....?..#
#..............#


You could see a centaur warrior.

Vanquished Creatures
  A boulder beetle (D:9)
  2 two-headed ogres
  A cyclops (D:9)
  A freezing wraith (D:9)
  A hornet (D:8)
  5 wyverns
  A wraith (D:9)
  Eustachio (D:4)
  A vampire mosquito (D:9)
  6 water moccasins
  3 orc warriors
  4 black bears (D:9)
  A wolf (D:9)
  3 necrophages
  An ogre (D:6)
  A kobold brigand (D:8)
  2 bullfrogs
  A gnoll sergeant (D:7)
  3 scorpions (D:7)
  4 killer bees (D:8)
  A centaur zombie (D:5)
  A bullfrog zombie (D:6)
  A jelly (D:7)
  2 hounds
  6 orc priests
  A gnoll shaman (D:8)
  A bullfrog skeleton (D:6)
  3 iguanas
  8 orc wizards
  A killer bee zombie (D:6)
  3 howler monkey zombies
  A howler monkey skeleton (D:6)
  7 gnolls
  6 adders
  3 shadow imps
  An ufetubus (D:5)
  An adder skeleton (D:4)
  4 worms
  2 dart slugs (D:2)
  39 orcs
  8 ball pythons
  8 bats
  11 endoplasms
  5 giant cockroaches
  14 goblins
  10 hobgoblins
  11 jackals
  5 quokkas
  3 frilled lizards
  9 kobolds
  6 rats
225 creatures vanquished.

Vanquished Creatures (others)
  4 fungi (D:9)
  18 plants (D:9)
22 creatures vanquished.

Grand Total: 247 creatures vanquished

Notes
Turn   | Place    | Note
-------+----------+-------------------------------------------
     0 | D:1      | GraveyardiganJr the Draconian Transmuter began the quest
                  | for the Orb.
     0 | D:1      | Reached XP level 1. HP: 16/16 MP: 3/3
    82 | D:1      | Reached XP level 2. HP: 23/23 MP: 3/5
    85 | D:1      | Learned a level 2 spell: Wereblood
   467 | D:1      | Found a faded altar of an unknown god.
   509 | D:1      | Reached XP level 3. HP: 25/28 MP: 6/6
  1543 | D:2      | Reached skill level 4 in Unarmed Combat
  1738 | D:2      | Reached XP level 4. HP: 35/35 MP: 7/7
  3166 | D:3      | Reached XP level 5. HP: 32/41 MP: 8/8
  3431 | D:3      | Reached skill level 1 in Stealth
  3703 | D:3      | Found Toheolewk's Magic Scroll Boutique.
  3713 | D:3      | Bought a scroll of identify for 24 gold pieces
  3713 | D:3      | Bought a scroll of magic mapping for 42 gold pieces
  3713 | D:3      | Bought a scroll of fog for 24 gold pieces
  4284 | D:4      | Noticed a phantom
  4944 | D:4      | Noticed Eustachio
  4976 | D:4      | Killed Eustachio
  4977 | D:4      | Reached XP level 6. HP: 29/50 MP: 10/10
  5315 | D:4      | Reached skill level 5 in Unarmed Combat
  5378 | D:5      | Entered Level 5 of the Dungeon
  5451 | D:5      | Found a burning altar of Makhleb.
  5456 | D:5      | Found a glowing silver altar of Zin.
  5456 | D:5      | Noticed an angel
  5456 | D:5      | Noticed a blizzard demon
  5825 | D:5      | Your scales start taking on a fiery red colour.
  5825 | D:5      | Reached XP level 7. HP: 57/57 MP: 8/11
  5825 | D:5      | Gained mutation: Your flesh is heat resistant. (rF+) [Red
                  | Draconian growth]
  6387 | D:6      | Found a glowing drain.
  6423 | Sewer    | Entered a sewer
  6940 | D:6      | Reached skill level 1 in Poison Magic
  6940 | D:6      | Reached XP level 8. HP: 66/66 MP: 11/13
  7057 | D:7      | Found a bloodstained altar of Trog.
  7106 | D:7      | Found a flagged portal.
  7146 | D:7      | Reached skill level 6 in Unarmed Combat
  7200 | Bailey   | Entered a bailey
  7318 | D:7      | Learned a level 3 spell: Spider Form
  7381 | D:7      | Found a staircase to the Ecumenical Temple.
  7390 | Temple   | Entered the Ecumenical Temple
  7467 | Temple   | Became a worshipper of the Wu Jian Council
  7602 | D:7      | Reached skill level 5 in Transmutations
  7825 | D:7      | Reached skill level 5 in Fighting
  8122 | D:7      | Reached XP level 9. HP: 74/74 MP: 14/14
  8617 | D:8      | Reached skill level 7 in Unarmed Combat
  8618 | D:8      | Found a shimmering altar of Xom.
  8779 | D:8      | Found Wiromm's Assorted Antiques.
  8822 | D:8      | Reached * piety under Wu Jian
  8855 | D:8      | Found Hot Qaer's Assorted Antiques.
  8863 | D:8      | Bought a copper wand for 88 gold pieces
  8863 | D:8      | Bought a gilded ring for 110 gold pieces
  8863 | D:8      | Bought a scroll labelled AHAITSEWKA for 22 gold pieces
  8877 | D:8      | Reached skill level 1 in Throwing
  9124 | D:9      | Noticed a two-headed ogre
  9155 | D:9      | Learned a level 1 spell: Foxfire
  9300 | D:9      | Noticed a cyclops
  9316 | D:9      | Noticed a freezing wraith
  9380 | D:9      | Found a radiant altar of Vehumet.
  9459 | D:8      | Reached skill level 1 in Fire Magic
  9631 | D:8      | Found a hazy altar of Hepliaklqana.
  9646 | D:8      | Found an iron altar of Okawaru.
  9744 | D:8      | Noticed a two-headed ogre
  9946 | D:8      | Killed a two-headed ogre
  9947 | D:8      | Reached skill level 1 in Maces & Flails
  9947 | D:8      | Reached skill level 5 in Dodging
 10205 | D:9      | Noticed a boulder beetle
 10241 | D:9      | Killed a boulder beetle
 10242 | D:9      | Reached XP level 10. HP: 71/83 MP: 14/16
 10390 | D:9      | Killed a two-headed ogre
 10391 | D:9      | Reached skill level 8 in Unarmed Combat
 10442 | D:9      | Found a staircase to the Lair.
 10458 | D:9      | Reached ** piety under Wu Jian
 10994 | D:9      | Reached skill level 5 in Poison Magic
 11237 | D:9      | Killed a cyclops
 11238 | D:9      | Reached skill level 1 in Ice Magic
 11412 | D:9      | Learned a level 4 spell: Ice Form
 11496 | D:9      | Noticed a deep elf pyromancer
 11556 | D:9      | Identified the +9 hand axe of Peril {pain, Drain rC++
                  | Int+4}
 11575 | D:9      | Noticed a centaur warrior
 11596 | D:9      | HP: 3/84 [centaur warrior (6)]
 11597 | D:9      | Slain by a centaur warrior

Illustrated notes

Levels and vault maps discovered:
D:1:      erik_arrival_triangle_small, layout_basic,
          ebering_ecumenical_altar_box
D:2:      layout_basic, grunt_decor_mini_mirrors
D:3:      layout_loops_corners, serial_shops, shop
D:4:      layout_loops_corners, uniq_eustachio
D:5:      layout_cave_pools, grunt_temple_overflow_order_and_chaos_2
D:6:      layout_rooms, cheibrodos_sewer_entry_bend
D:7:      layout_basic, mainiacjoe_overflow_chevrons,
          minmay_temple_entry_butterflies, enter_bailey_5
D:8:      layout_rooms, worldfamousw_hep_ancestral_shrine,
          okawaru_metal_pillars_3, xom_teletrap_fun, serial_shops,
          nicolae_take_the_stairs, kennysheep_little_box
D:9:      minmay_cut_squares, layout_basic, nicolae_uskayaw_dance_studio,
          general_overflow_altar, minmay_lair_entry_grove, orc_0_dummy,
          amcnicky_mini_pool_small, grunt_tough_drop
Temple:   eino_narrow_crystal_temple

Skill      XL: |  1  2  3  4  5  6  7  8  9 10 |
---------------+-------------------------------+-----
Dodging        | 2 3 4 5 |  5.5
Unarmed Combat | 4 5 6 7 8 |  8.5
Stealth        | 1 2 3 |  3.7
Fighting       | 2 3 5 6 |  6.9
Transmutations | 3 4 5 6 7 |  7.2
Spellcasting   | 3 4 |  4.9
Poison Magic   | 1 3 4 5 |  5.0
Throwing       | 1 2 |  2.2
Fire Magic     | 1 |  1.4
Maces & Flails | 2 3 |  3.1
Ice Magic      | 1 |  1.6
Short Blades   | |  0.1
Evocations     | |  0.6

Action                   |  1- 3 |  4- 6 |  7- 9 | 10-12 || total
-------------------------+-------+-------+-------+-------++-------
Melee: Unarmed           |   124 |   189 |   221 |    36 ||   570
       Headbutt          |     5 |    13 |    34 |     9 ||    61
       Tailslap          |    14 |    17 |    32 |     8 ||    71
       Kick              |     4 |    28 |    47 |    14 ||    93
       Punch             |     4 |     4 |    10 |     3 ||    21
       Short sword       |       |    16 |    14 |       ||    30
       Dagger            |       |       |     1 |       ||     1
       Flail             |       |       |    10 |    18 ||    28
 Fire: Hunting sling     |       |    10 |    27 |       ||    37
Throw: Stone             |    10 |    12 |       |       ||    22
       Dart              |       |     6 |    14 |     6 ||    26
       Javelin           |       |       |     1 |     1 ||     2
       Boomerang         |       |       |     4 |     8 ||    12
 Cast: Beastly Appendage |     9 |    22 |    31 |    12 ||    74
       Wereblood         |       |     4 |     7 |       ||    11
       Spider Form       |       |       |     2 |     5 ||     7
Invok: Lunge             |       |       |     7 |     6 ||    13
       Whirlwind         |       |       |    17 |     2 ||    19
 Abil: Breathe Fire      |       |       |    28 |     8 ||    36
       End Transformatio |       |       |     1 |     5 ||     6
       Wall Jump         |       |       |       |     1 ||     1
Evoke: Wand              |       |       |     3 |     1 ||     4
  Use: Scroll            |       |     6 |     7 |       ||    13
       Potion            |       |       |     3 |     3 ||     6
 Stab: Sleeping          |       |     7 |     3 |       ||    10
Armor: Skin              |    28 |    55 |    50 |    19 ||   152
Dodge: Dodged            |    57 |   115 |   143 |    69 ||   384
